[Event "Sunday 21 January Rapid Engine Tour 12+1 Rounds 9 Starts 1600 ST"]
[Site "Infinity Chess"]
[Date "2018.1.21"]
[Round "6"]
[White "Deep_Impact"]
[Black "MarioDeMonti"]
[Result "1/2-1/2"]
[ECO "A22"]
[WhiteElo "2510"]
[BlackElo "2449"]
[WhiteEngine "BrainFish_180113_x64_modern"]
[BlackEngine "stockfish_x64_bmi2_2018_01_13_CTG"]
[EventType "Swiss"]
[WhiteTeam ""]
[BlackTeam ""]
[PlyCount "206"]
[TimeControl "720+1"]

1. c4 e5 2. Nc3 Nf6 3. Nf3 Nc6 4. g3 d5 5. cxd5 Nxd5 6. Bg2 Nb6 7. O-O Be7 
8. d3 O-O 9. Be3 Be6 10. d4 exd4 11. Nxd4 Nxd4 12. Bxd4 c6 13. Qd3 Qc7 
14. Rad1 Rad8 15. Qc2 Nc4 16. b3 Na3 17. Qb2 Qa5 18. Ne4 f6 19. Be3 Rfe8 
20. Rxd8 Rxd8 21. Qc1 Rd5 22. h4 a6 23. Bf3 Qb4 24. Bd2 Qb6 25. Be3 Qb4 
26. Bd2 Qb6 27. h5 Nb5 28. h6 g6 29. Bb4 c5 30. Bxc5 Rxc5 31. Nxc5 Bxc5 
32. Qf4 Kf7 33. Qb8 Qc7 34. Qxc7+ Nxc7 35. Bxb7 Ba3 36. e4 g5 37. f4 gxf4 
38. gxf4 f5 39. Kf2 a5 40. Bc6 Na6 41. Rd1 Nb4 42. exf5 Bxf5 43. Bb5 Kf6 
44. Kg3 Nc2 45. Rd5 Ne3 46. Re5 Bc1 47. Bc4 Bd2 48. Rb5 Bd7 49. Rb6+ Ke7 
50. Rb7 Nf5+ 51. Kf3 Kd6 52. Ra7 Nh4+ 53. Ke2 Bxf4 54. Ra6+ Ke7 55. Rxa5 Bxh6 
56. Bg8 Kd6 57. Bxh7 Bc6 58. Kd3 Ng2 59. Bg8 Ne1+ 60. Kc4 Nf3 61. Bd5 Ne5+ 
62. Kd4 Bg7 63. Ke4 Be8 64. Ke3 Nd7 65. Ra8 Bh5 66. Be4 Bf7 67. Ra7 Bf6 
68. Bg2 Be6 69. Ra6+ Ke5 70. Ra5+ Kd6 71. Ra6+ Ke5 72. Ra5+ Kd6 73. Kd2 Bd4 
74. Kd3 Bf2 75. Ra6+ Ke5 76. Ra5+ Kd6 77. Rh5 Nf6 78. Rh8 Bg3 79. Ra8 Kc5 
80. Ra5+ Kb4 81. Ra4+ Kc5 82. Ra6 Bf5+ 83. Kd2 Bf4+ 84. Kd1 Be5 85. Ra4 Be6 
86. Kc2 Bf7 87. Kd2 Be6 88. Ra5+ Kd4 89. Ra6 Bd7 90. Ra7 Bb8 91. Ra8 Bd6 
92. a3 Ng4 93. Ra7 Be8 94. Ra8 Bd7 95. Rd8 Ne5 96. a4 Bb4+ 97. Kc2 Be7 
98. Rxd7+ Nxd7 99. a5 Bc5 100. Bc6 Ne5 101. b4 Nxc6 102. bxc5 Nxa5 103. c6 Nxc6 
1/2-1/2

[Event "Sunday 21 January Rapid Engine Tour 12+1 Rounds 9 Starts 1600 ST"]
[Site "Infinity Chess"]
[Date "2018.1.21"]
[Round "6"]
[White "OlivierEvan"]
[Black "ocirema"]
[Result "1/2-1/2"]
[ECO "A06"]
[WhiteElo "2411"]
[BlackElo "2453"]
[WhiteEngine "Houdini 6"]
[BlackEngine "stockfish_18011309_x64_modern_CTG"]
[EventType "Swiss"]
[WhiteTeam ""]
[BlackTeam ""]
[PlyCount "126"]
[TimeControl "720+1"]

1. Nf3 d5 2. d4 Nf6 3. c4 e6 4. e3 dxc4 5. Bxc4 a6 6. O-O c5 7. b3 Nbd7 
8. Bb2 b5 9. Be2 Bb7 10. Nbd2 Be7 11. a4 b4 12. Qc2 O-O 13. Rfd1 cxd4 
14. Bxd4 Rc8 15. Nc4 Qc7 16. Rac1 Bd5 17. Qb2 Bc5 18. a5 Bxd4 19. Nxd4 Qd8 
20. Qd2 Bxc4 21. Bxc4 Qxa5 22. Ra1 Qc5 23. Bxa6 Ra8 24. Rac1 Ne4 25. Rxc5 Nxd2 
26. Rcc1 Rxa6 27. Rxd2 Nf6 28. Nc6 Rfa8 29. h3 Ra3 30. Rb1 Ne4 31. Rd4 f5 
32. Rb2 Ra1+ 33. Kh2 Rc1 34. f3 Rxc6 35. fxe4 Rb8 36. exf5 exf5 37. Rf2 g6 
38. e4 fxe4 39. Rxe4 Rb7 40. Kg3 Kg7 41. Rd4 Rc3+ 42. Rf3 Kg8 43. Rdd3 Rc2 
44. h4 Kg7 45. Kh2 Rc8 46. g4 Rc2+ 47. Kg3 h6 48. Rd6 Rc3 49. Rd4 Rc2 
50. h5 gxh5 51. gxh5 Kh7 52. Rdf4 Rc3 53. Kh4 Re7 54. Rxc3 bxc3 55. Rc4 Rd7 
56. Rxc3 Rd4+ 57. Kg3 Rb4 58. Kf3 Rb5 59. Rc7+ Kg8 60. b4 Rxb4 61. Rc6 Kg7 
62. Rg6+ Kf8 63. Rxh6 Rb3+ 1/2-1/2

[Event "Sunday 21 January Rapid Engine Tour 12+1 Rounds 9 Starts 1600 ST"]
[Site "Infinity Chess"]
[Date "2018.1.21"]
[Round "6"]
[White "hafaba"]
[Black "RonWeasley"]
[Result "1/2-1/2"]
[ECO "E10"]
[WhiteElo "2450"]
[BlackElo "2490"]
[WhiteEngine "Stockfish SL FA POPCNT_CTG"]
[BlackEngine "BrainFish 130117_CTG"]
[EventType "Swiss"]
[WhiteTeam ""]
[BlackTeam ""]
[PlyCount "91"]
[TimeControl "720+1"]

1. d4 Nf6 2. c4 e6 3. Nf3 d5 4. Nc3 c6 5. e3 Nbd7 6. Qc2 Bd6 7. Be2 O-O 8. b3 e5 
9. cxd5 cxd5 10. Nb5 Bb4+ 11. Bd2 Bxd2+ 12. Nxd2 a6 13. dxe5 Nxe5 14. Nd4 Bg4 
15. Bxg4 Nfxg4 16. O-O Rc8 17. Qd1 Qd6 18. h3 Nf6 19. Rc1 Qd7 20. N2f3 Rxc1 
21. Qxc1 Nxf3+ 22. Nxf3 Rc8 23. Qb2 h5 24. Rd1 Qc6 25. Nd4 Qc3 26. Qxc3 Rxc3 
27. Kf1 Kf8 28. h4 g6 29. Ke2 Ng4 30. Rb1 Ke7 31. Kd2 Rc8 32. f3 Ne5 33. Rd1 Kd6 
34. Ne2 Nc6 35. Rh1 Re8 36. Nf4 a5 37. Rd1 b5 38. a3 Rc8 39. Rc1 a4 
40. bxa4 bxa4 41. Rb1 Ne5 42. Rb4 Nc4+ 43. Kd3 Ne5+ 44. Kd2 Nc4+ 45. Kd3 Ne5+ 
46. Kd2 1/2-1/2

[Event "Sunday 21 January Rapid Engine Tour 12+1 Rounds 9 Starts 1600 ST"]
[Site "Infinity Chess"]
[Date "2018.1.21"]
[Round "6"]
[White "Ninja_Bp"]
[Black "Murx"]
[Result "1/2-1/2 "]
[ECO "A06"]
[WhiteElo "2460"]
[BlackElo "2520"]
[WhiteEngine "Houdini 6_CTG"]
[BlackEngine "BrainFish_180113_x64_modern"]
[EventType "Swiss"]
[WhiteTeam ""]
[BlackTeam ""]
[PlyCount "100"]
[TimeControl "720+1"]

1. Nf3 d5 2. d4 Nf6 3. c4 e6 4. Nc3 c6 5. e3 Nbd7 6. Bd3 dxc4 7. Bxc4 b5 
8. Bd3 Bb7 9. O-O a6 10. Ne4 c5 11. Nxc5 Nxc5 12. dxc5 Bxc5 13. b3 Bb4 
14. Bb2 Rc8 15. Qe2 O-O 16. Rfc1 Qd5 17. a4 Rfd8 18. Rd1 Qxb3 19. axb5 Bxf3 
20. gxf3 axb5 21. Bxf6 gxf6 22. Rab1 Qc3 23. Bxb5 Be7 24. Rxd8+ Rxd8 25. Qb2 Qc5 
26. Be2 Kh8 27. Kh1 Rg8 28. Rg1 Rxg1+ 29. Kxg1 Qg5+ 30. Kh1 Kg7 31. f4 Qd5+ 
32. Kg1 e5 33. fxe5 fxe5 34. Bg4 Qe4 35. h3 Bf6 36. Qe2 Qg6 37. Kf1 Bh4 
38. Qf3 Qa6+ 39. Kg2 Qg6 40. Qf5 Qxf5 41. Bxf5 Kh8 42. Bc2 Kg7 43. Kf3 h5 
44. Bd1 Bg5 45. Ke4 Bh4 46. f3 Kf6 47. Bc2 Be1 48. Kd5 Bc3 49. Ke4 Be1 
50. Bd3 Bf2 1/2-1/2

[Event "Sunday 21 January Rapid Engine Tour 12+1 Rounds 9 Starts 1600 ST"]
[Site "Infinity Chess"]
[Date "2018.1.21"]
[Round "5"]
[White "KhalidOmar"]
[Black "Katzenmaier"]
[Result "0-1"]
[ECO "C77"]
[WhiteElo "2471"]
[BlackElo "2417"]
[WhiteEngine "Eman 1.65 64-bit BMI2"]
[BlackEngine "S_XPrO.251117.x64.POPCNT_CTG"]
[EventType "Swiss"]
[WhiteTeam ""]
[BlackTeam ""]
[PlyCount "168"]
[TimeControl "720+1"]

1. e4 e5 2. Nf3 Nc6 3. Bb5 a6 4. Ba4 Nf6 5. O-O Be7 6. Re1 b5 7. Bb3 O-O 
8. h3 Bb7 9. d3 d6 10. a3 Nb8 11. Nbd2 Nbd7 12. Nf1 c6 13. Ne3 Re8 14. c4 Bf8 
15. Ba2 h6 16. b4 a5 17. Bd2 axb4 18. axb4 bxc4 19. Nxc4 Qc7 20. Na5 d5 
21. Qc2 Qb6 22. Nxb7 Qxb7 23. Rab1 Ra6 24. Nh4 Rb8 25. Nf5 h5 26. Rb2 g6 
27. Nh4 Bd6 28. Rc1 Qa7 29. Nf3 Qa8 30. Ng5 Ra3 31. Nf3 Rb6 32. Ng5 Qa4 
33. Qb1 Kg7 34. Bb3 Qa6 35. Bc2 Qa8 36. Be3 Rb5 37. Bd2 Qb8 38. Re1 c5 
39. exd5 cxb4 40. Bb3 Nc5 41. Bc1 Rba5 42. Bc4 Ra1 43. Qc2 b3 44. Qd2 e4 
45. g3 exd3 46. Kg2 Be5 47. Ne6+ fxe6 48. Qh6+ Kf7 49. dxe6+ Nxe6 50. Rxb3 Qa8+ 
51. Kg1 Qc6 52. Bxd3 Nd4 53. Bxg6+ Ke6 54. Qe3 Rxc1 55. Rxc1 Qxc1+ 56. Qxc1 Ne2+ 
57. Kg2 Nxc1 58. Rb1 Rc5 59. Rb6+ Bd6 60. h4 Ng4 61. Be4 Re5 62. f3 Nf6 
63. Bb7 Re2+ 64. Kh3 Nd3 65. Bc8+ Ke7 66. Ba6 Nf2+ 67. Kg2 Rc2 68. Rb5 Nd5 
69. Rxd5 Ng4+ 70. Kg1 Rc1+ 71. Kg2 Ne3+ 72. Kf2 Nxd5 73. f4 Bc5+ 74. Kf3 Rc3+ 
75. Ke4 Nb4 76. g4 hxg4 77. Bf1 Kf6 78. f5 Re3+ 79. Kf4 Rf3+ 80. Kxg4 Rxf1 
81. Kh3 Nd5 82. Kg4 Ne3+ 83. Kh5 Rf4 84. Kh6 Rxh4# 0-1

[Event "Sunday 21 January Rapid Engine Tour 12+1 Rounds 9 Starts 1600 ST"]
[Site "Infinity Chess"]
[Date "2018.1.21"]
[Round "5"]
[White "Eman"]
[Black "Stabels"]
[Result "1/2-1/2"]
[ECO "D30"]
[WhiteElo "2467"]
[BlackElo "2460"]
[WhiteEngine "Eman 1.65 64-bit POPCNT"]
[BlackEngine "asmFishW_2018-01-12_bmi2"]
[EventType "Swiss"]
[WhiteTeam ""]
[BlackTeam ""]
[PlyCount "79"]
[TimeControl "720+1"]

1. d4 d5 2. c4 e6 3. Nf3 Nf6 4. Nc3 c6 5. Bg5 h6 6. Bxf6 Qxf6 7. e3 g6 
8. Be2 Nd7 9. O-O Qe7 10. e4 dxc4 11. e5 Bg7 12. Bxc4 O-O 13. Re1 Rd8 14. Bd3 b5 
15. Rc1 Bb7 16. Ne4 c5 17. Nxc5 Nxc5 18. dxc5 Qc7 19. h3 Bxf3 20. Qxf3 Bxe5 
21. b4 a5 22. Be4 Rac8 23. bxa5 Bb2 24. a6 Bxc1 25. Rxc1 Qa7 26. Qa3 Rc7 
27. Bf3 Rd4 28. Bb7 Rxb7 29. axb7 Qxa3 30. b8=Q+ Kh7 31. Rc2 Rd1+ 32. Kh2 Qd3 
33. Qf4 Qxc2 34. Qxf7+ Kh8 35. Qf8+ Kh7 36. Qf7+ Kh8 37. Qf8+ Kh7 38. Qe7+ Kg8 
39. Qe8+ Kh7 40. Qf7+ 1/2-1/2

[Event "Sunday 21 January Rapid Engine Tour 12+1 Rounds 9 Starts 1600 ST"]
[Site "Infinity Chess"]
[Date "2018.1.21"]
[Round "5"]
[White "BraveDevil"]
[Black "SkyPilot"]
[Result "1/2-1/2 "]
[ECO "D15"]
[WhiteElo "2393"]
[BlackElo "2445"]
[WhiteEngine "Cryptic AIL V1"]
[BlackEngine "stockfish_x64_bmi2_2018_01_13_CTG"]
[EventType "Swiss"]
[WhiteTeam ""]
[BlackTeam ""]
[PlyCount "156"]
[TimeControl "720+1"]

1. d4 d5 2. c4 c6 3. Nf3 Nf6 4. Nc3 e6 5. e3 Nbd7 6. h3 Bd6 7. b3 O-O 8. Bb2 Re8 
9. Be2 b6 10. Qc2 Qe7 11. O-O Bb7 12. Rad1 Rad8 13. Rfe1 c5 14. dxc5 bxc5 
15. Na4 Nb6 16. Nc3 dxc4 17. bxc4 Bb8 18. Bd3 Bc6 19. Ne4 Ba4 20. Bxf6 gxf6 
21. Qc3 Kg7 22. Bc2 Bc6 23. Rd2 Bc7 24. Red1 Rxd2 25. Nexd2 Rd8 26. Rb1 Qd6 
27. Nf1 Qe7 28. N1d2 Qd6 29. Nf1 Bxf3 30. gxf3 Qe5 31. Qxe5 fxe5 32. Rb5 Bd6 
33. Ra5 Nxc4 34. Rxa7 Rb8 35. Bb3 Rb4 36. Bxc4 Rxc4 37. Nd2 Rc1+ 38. Kg2 Bf8 
39. Ne4 h6 40. a4 c4 41. a5 c3 42. a6 c2 43. Rc7 Bb4 44. h4 Ba5 45. Rc4 Bb4 
46. Nc5 Bxc5 47. Rxc5 Ra1 48. Rxc2 Rxa6 49. Kg3 Kg6 50. Kh3 Ra5 51. Kg2 Ra4 
52. Rc5 Rxh4 53. Rxe5 Rb4 54. f4 Rb3 55. f3 Kf6 56. Kg3 Ke7 57. e4 Kf6 
58. Kg2 Kg6 59. Kg3 h5 60. Rg5+ Kh6 61. Rc5 Kg6 62. Rc7 Kf6 63. Ra7 h4+ 
64. Kg4 Kg7 65. Ra5 f5+ 66. exf5 exf5+ 67. Rxf5 h3 68. Rh5 h2 69. Rxh2 Rb6 
70. Kg5 Rg6+ 71. Kf5 Rf6+ 72. Ke5 Rb6 73. f5 Rb5+ 74. Ke4 Rb1 75. Rd2 Re1+ 
76. Kf4 Kf7 77. Rd6 Rf1 78. Ra6 Re1 1/2-1/2

[Event "Sunday 21 January Rapid Engine Tour 12+1 Rounds 9 Starts 1600 ST"]
[Site "Infinity Chess"]
[Date "2018.1.21"]
[Round "5"]
[White "angriff"]
[Black "Prometheus"]
[Result "1/2-1/2"]
[ECO "A40"]
[WhiteElo "2449"]
[BlackElo "2418"]
[WhiteEngine "Raubfisch ME262_GTZ16b2_CTG"]
[BlackEngine "Eman 1.58-64bit-IDeA"]
[EventType "Swiss"]
[WhiteTeam ""]
[BlackTeam ""]
[PlyCount "103"]
[TimeControl "720+1"]

1. d4 e6 2. e4 d5 3. Nc3 Bb4 4. e5 Ne7 5. a3 Bxc3+ 6. bxc3 c5 7. Qg4 O-O 
8. Bd3 f5 9. exf6 Rxf6 10. Bg5 Rf7 11. Qh5 g6 12. Qd1 Nbc6 13. Nf3 Qa5 
14. Qd2 c4 15. Be2 Nf5 16. Ne5 Nxe5 17. dxe5 h6 18. Bf6 Kh7 19. f4 Nd6 
20. exd6 Rxf6 21. Qd4 Rf8 22. g4 Qb6 23. Qe5 Rd8 24. Rd1 Qxd6 25. Bxc4 Qxe5+ 
26. fxe5 Bd7 27. Bd3 Kg7 28. Rf1 Rf8 29. Kd2 g5 30. Rxf8 Rxf8 31. Rf1 Rxf1 
32. Bxf1 Kf7 33. c4 dxc4 34. Bxc4 Be8 35. Bd3 Bc6 36. Ke3 Bg2 37. c3 Bd5 
38. c4 Bc6 39. Be4 Bxe4 40. Kxe4 Ke8 41. c5 Kd7 42. Kd4 Kc6 43. Kc4 b6 
44. cxb6 Kxb6 45. Kb4 a5+ 46. Kc4 Kc6 47. a4 Kb6 48. h3 Kc6 49. Kd4 Kb6 
50. Kc4 Kc6 51. Kd4 Kb6 52. Kc4 1/2-1/2

[Event "Sunday 21 January Rapid Engine Tour 12+1 Rounds 9 Starts 1600 ST"]
[Site "Infinity Chess"]
[Date "2018.1.21"]
[Round "5"]
[White "Thinker"]
[Black "Marsell"]
[Result "1/2-1/2"]
[ECO "C55"]
[WhiteElo "2426"]
[BlackElo "2458"]
[WhiteEngine "BrainFish_180113_x64_modern_CTG"]
[BlackEngine "asmFishW_2018-01-11_popcnt"]
[EventType "Swiss"]
[WhiteTeam ""]
[BlackTeam ""]
[PlyCount "95"]
[TimeControl "720+1"]

1. e4 e5 2. Nf3 Nc6 3. Bc4 Nf6 4. d3 Bc5 5. c3 d6 6. O-O O-O 7. Bg5 h6 8. Bh4 a6 
9. b4 Ba7 10. a4 g5 11. Bg3 g4 12. Bh4 Kg7 13. Kh1 gxf3 14. Qxf3 Nb8 15. Rg1 Rh8 
16. g4 Nbd7 17. Nd2 Nf8 18. g5 hxg5 19. Bxg5 Ng6 20. Rg3 Rh7 21. Rag1 b5 
22. Bd5 Rb8 23. Nf1 Qe7 24. Ne3 Bxe3 25. fxe3 Nxd5 26. Bxe7 Ndxe7 27. axb5 axb5 
28. Ra1 Be6 29. Ra7 Rc8 30. Kg1 d5 31. exd5 Nxd5 32. Ra2 Rh6 33. Ra6 Nxc3 
34. h4 Rch8 35. Qg2 Kf6 36. Qf2+ Kg7 37. Qg2 Kf6 38. Qc2 Nxh4 39. Qxc3 Nf5 
40. Rg4 Rh1+ 41. Kf2 R1h2+ 42. Rg2 Rxg2+ 43. Kxg2 Nxe3+ 44. Kg1 Rg8+ 
45. Kh1 Rh8+ 46. Kg1 Rg8+ 47. Kh1 Rh8+ 48. Kg1 1/2-1/2

[Event "Sunday 21 January Rapid Engine Tour 12+1 Rounds 9 Starts 1600 ST"]
[Site "Infinity Chess"]
[Date "2018.1.21"]
[Round "5"]
[White "star99"]
[Black "MarioDeMonti"]
[Result "1/2-1/2"]
[ECO "D15"]
[WhiteElo "2446"]
[BlackElo "2449"]
[WhiteEngine "Cryptic AIL V1"]
[BlackEngine "stockfish_x64_bmi2_2018_01_13_CTG"]
[EventType "Swiss"]
[WhiteTeam ""]
[BlackTeam ""]
[PlyCount "129"]
[TimeControl "720+1"]

1. d4 d5 2. c4 c6 3. Nf3 Nf6 4. Nc3 e6 5. e3 Nbd7 6. h3 Bd6 7. Bd3 dxc4 
8. Bxc4 O-O 9. O-O b5 10. Bd3 b4 11. Ne4 Nxe4 12. Bxe4 Bb7 13. Nd2 Rc8 
14. a3 Ba6 15. Re1 Bb5 16. b3 Nf6 17. a4 Ba6 18. Bb2 c5 19. dxc5 Rxc5 
20. Rc1 Rxc1 21. Qxc1 Nxe4 22. Nxe4 Bb7 23. Nxd6 Qxd6 24. Rd1 Qc6 25. Qxc6 Bxc6 
26. e4 f6 27. Rc1 Bxe4 28. Rc4 Bd5 29. Rxb4 Rd8 30. Kh2 h5 31. Bc1 a5 
32. Rb5 Rc8 33. Be3 Rc3 34. Rxa5 Rxb3 35. Ra7 Rb1 36. a5 h4 37. a6 Ra1 
38. f3 Ra2 39. Kh1 Ra4 40. Bc5 Ra2 41. Kg1 Ra1+ 42. Kf2 Ra2+ 43. Kg1 Ra5 
44. Bf2 Ra4 45. Kh2 Kh7 46. Bc5 Kg8 47. Kg1 Ra2 48. Bd4 Ra3 49. Kh2 Ra2 
50. Kg1 Bc6 51. Bf2 Bd5 52. Bxh4 Ra1+ 53. Kf2 e5 54. Bg3 Ra2+ 55. Kf1 Bc4+ 
56. Kg1 Bxa6 57. h4 Bc4 58. Rxa2 Bxa2 59. Kf2 Bc4 60. f4 exf4 61. Bxf4 Kf7 
62. g4 Bb5 63. h5 Bc4 64. g5 fxg5 65. Bxg5 1/2-1/2

[Event "Sunday 21 January Rapid Engine Tour 12+1 Rounds 9 Starts 1600 ST"]
[Site "Infinity Chess"]
[Date "2018.1.21"]
[Round "5"]
[White "hafaba"]
[Black "incredible"]
[Result "1/2-1/2"]
[ECO "E15"]
[WhiteElo "2450"]
[BlackElo "2448"]
[WhiteEngine "Stockfish SL FA POPCNT_CTG"]
[BlackEngine "Stockfish_x64_bmi2"]
[EventType "Swiss"]
[WhiteTeam ""]
[BlackTeam ""]
[PlyCount "101"]
[TimeControl "720+1"]

1. d4 Nf6 2. c4 e6 3. Nf3 b6 4. g3 Be7 5. Bg2 Bb7 6. O-O d6 7. Re1 O-O 8. Nc3 d5 
9. cxd5 exd5 10. Bf4 Na6 11. Qc2 c5 12. Rad1 Qc8 13. e3 Ne4 14. a3 Rd8 
15. h4 cxd4 16. exd4 Bxa3 17. Ng5 Bf8 18. Qb3 Nxg5 19. Bxg5 Re8 20. Rxe8 Qxe8 
21. Nxd5 h6 22. Bf4 Qd7 23. Qf3 Qxd5 24. Qxd5 Bxd5 25. Bxd5 Rd8 26. Bc4 Nb4 
27. Kg2 Bd6 28. Be3 Kf8 29. Rc1 Be7 30. Rd1 Rc8 31. Bb3 Nc2 32. Rd2 Nxe3+ 
33. fxe3 Rc1 34. Kf3 h5 35. e4 g5 36. hxg5 Bxg5 37. Rc2 f6 38. Rh2 Rf1+ 
39. Ke2 Rg1 40. Kf3 Rf1+ 41. Ke2 Rg1 42. Rxh5 Rxg3 43. Bc2 Rg2+ 44. Kd3 b5 
45. Rh8+ Ke7 46. Rh7+ Kd6 47. Rxa7 Rg3+ 48. Ke2 Rg2+ 49. Kd3 Rg3+ 50. Ke2 Rg2+ 
51. Kd3 1/2-1/2

[Event "Sunday 21 January Rapid Engine Tour 12+1 Rounds 9 Starts 1600 ST"]
[Site "Infinity Chess"]
[Date "2018.1.21"]
[Round "5"]
[White "ocirema"]
[Black "Ninja_Bp"]
[Result "1/2-1/2"]
[ECO "B90"]
[WhiteElo "2453"]
[BlackElo "2460"]
[WhiteEngine "stockfish_18011309_x64_modern_CTG"]
[BlackEngine "Houdini 6_CTG"]
[EventType "Swiss"]
[WhiteTeam ""]
[BlackTeam ""]
[PlyCount "126"]
[TimeControl "720+1"]

1. e4 c5 2. Nf3 d6 3. d4 cxd4 4. Nxd4 Nf6 5. Nc3 a6 6. Be3 e5 7. Nb3 Be7 
8. Be2 Be6 9. Qd3 O-O 10. O-O Nbd7 11. Nd5 Bxd5 12. exd5 Ne8 13. a4 Rc8 
14. c4 f5 15. a5 g6 16. Bh6 Rf7 17. Qe3 Bf6 18. Rfc1 Ng7 19. Qd2 e4 20. Rd1 Be5 
21. Nd4 Qe7 22. f4 exf3 23. Nxf3 Bf6 24. Ng5 Rff8 25. Re1 Rfe8 26. Rad1 Nc5 
27. Bf3 Qd7 28. Rxe8+ Rxe8 29. Ne6 Qc8 30. Nxg7 Bxg7 31. Bxg7 Kxg7 32. b4 Ne4 
33. Qc1 Qd8 34. c5 Qf6 35. c6 Nc3 36. Rd3 Nb5 37. g3 Re7 38. Kh1 g5 39. Kg1 g4 
40. Bg2 Nd4 41. Kh1 Ne2 42. Qf1 Qe5 43. Rd2 Nc3 44. Rc2 bxc6 45. dxc6 Nd5 
46. Rc1 Nc7 47. Qc4 d5 48. Qc2 Kg6 49. Qd2 Qe3 50. Qxe3 Rxe3 51. Bxd5 Nxd5 
52. c7 Nxc7 53. Rxc7 Rb3 54. Ra7 Rxb4 55. Rxa6+ Kg5 56. Kg2 Ra4 57. Ra7 Ra2+ 
58. Kg1 f4 59. gxf4+ Kxf4 60. Rxh7 Rxa5 61. Rf7+ Kg5 62. Rg7+ Kf4 63. Rf7+ Ke3 
1/2-1/2

[Event "Sunday 21 January Rapid Engine Tour 12+1 Rounds 9 Starts 1600 ST"]
[Site "Infinity Chess"]
[Date "2018.1.21"]
[Round "5"]
[White "RonWeasley"]
[Black "OlivierEvan"]
[Result "1/2-1/2"]
[ECO "C55"]
[WhiteElo "2493"]
[BlackElo "2408"]
[WhiteEngine "BrainFish 130117_CTG"]
[BlackEngine "Houdini 6"]
[EventType "Swiss"]
[WhiteTeam ""]
[BlackTeam ""]
[PlyCount "161"]
[TimeControl "720+1"]

1. e4 e5 2. Nf3 Nc6 3. Bc4 Nf6 4. d3 Bc5 5. c3 d6 6. Bb3 O-O 7. Nbd2 a6 
8. O-O Ba7 9. Re1 Ng4 10. Re2 Kh8 11. h3 Nh6 12. Nf1 f5 13. Bg5 Qe8 
14. Bxh6 gxh6 15. Ng3 Ne7 16. exf5 Nxf5 17. Kh2 Nxg3 18. fxg3 Qd7 19. Qf1 Qg7 
20. d4 Bf5 21. Rd1 exd4 22. Qe1 d3 23. Re7 Qf6 24. Nh4 Bc5 25. Rxc7 Rae8 
26. Qf1 Be4 27. Qxf6+ Rxf6 28. Rf7 Rxf7 29. Bxf7 Re5 30. Bc4 b5 31. Bxd3 Rd5 
32. Be2 Rxd1 33. Bxd1 Be3 34. g4 Bc1 35. b3 Bd2 36. c4 bxc4 37. bxc4 Bb1 
38. a4 Kg7 39. Kg1 Kf6 40. Kf2 Bd3 41. Nf3 Bb4 42. Bb3 a5 43. Kg3 Bc5 44. h4 Be3 
45. h5 Be2 46. Kh3 Bc5 47. Kg3 Be3 48. Kh3 Bf4 49. Ng1 Bf1 50. Nf3 Bd3 
51. Nd4 Be3 52. Nf5 Bxf5 53. gxf5 Kxf5 54. Bc2+ Ke5 55. Bxh7 Kd4 56. Bg8 Kc3 
57. Be6 Kb4 58. Bd7 Kxc4 59. Kg4 d5 60. Bb5+ Kb3 61. Kf5 d4 62. Ke4 Kc3 
63. Kf3 Kd2 64. g4 Bg5 65. Ke4 Kc3 66. Bf1 Bf6 67. Kf5 Bd8 68. Ke4 Bg5 
69. Be2 Bf6 70. Kf5 Be7 71. Ke4 Kd2 72. Bf1 Kc3 73. Bb5 Bf6 74. Bd3 Bg5 
75. Bb5 Bd8 76. Bf1 Be7 77. Bb5 Bb4 78. Be2 Bc5 79. Bb5 Bf8 80. Bd3 Be7 81. Bb5 
1/2-1/2

[Event "Sunday 21 January Rapid Engine Tour 12+1 Rounds 9 Starts 1600 ST"]
[Site "Infinity Chess"]
[Date "2018.1.21"]
[Round "5"]
[White "Murx"]
[Black "Deep_Impact"]
[Result "1/2-1/2"]
[ECO "D43"]
[WhiteElo "2520"]
[BlackElo "2510"]
[WhiteEngine "BrainFish_180113_x64_modern"]
[BlackEngine "BrainFish_180113_x64_modern"]
[EventType "Swiss"]
[WhiteTeam ""]
[BlackTeam ""]
[PlyCount "110"]
[TimeControl "720+1"]

1. d4 d5 2. c4 e6 3. Nc3 Nf6 4. Nf3 c6 5. Bg5 h6 6. Bxf6 Qxf6 7. e3 Nd7 
8. Be2 g6 9. O-O Bg7 10. e4 dxe4 11. Nxe4 Qf4 12. Qc2 f5 13. Ned2 c5 14. g3 Qc7 
15. Nh4 Bxd4 16. Nxg6 Rg8 17. Nh4 Nf6 18. Ndf3 Rxg3+ 19. hxg3 Qxg3+ 20. Ng2 Ng4 
21. Qd2 Bxf2+ 22. Rxf2 Qxf2+ 23. Kh1 Bd7 24. Rf1 Qg3 25. Qe1 Qxe1 26. Nfxe1 Ne5 
27. Nf3 Ng4 28. Nfh4 h5 29. Kg1 Bc6 30. Bf3 Ke7 31. Bxc6 bxc6 32. Rd1 Rg8 
33. b3 a5 34. Kf1 a4 35. Rd3 axb3 36. axb3 Nh2+ 37. Ke1 Ng4 38. Nf4 e5 
39. Nxh5 Ke6 40. Ng3 e4 41. Rd2 Ne3 42. Nh5 Ke5 43. Rf2 Rg4 44. Nf4 Kd4 
45. Nhg2 Nxg2+ 46. Nxg2 Rg3 47. Nh4 Rxb3 48. Nxf5+ Kxc4 49. Nd6+ Kd4 50. Rf4 Kd5 
51. Nxe4 Re3+ 52. Kd1 Rxe4 53. Rf6 Rh4 54. Kc2 Kd4 55. Rd6+ Kc4 1/2-1/2

[Event "Sunday 21 January Rapid Engine Tour 12+1 Rounds 9 Starts 1600 ST"]
[Site "Infinity Chess"]
[Date "2018.1.21"]
[Round "4"]
[White "OlivierEvan"]
[Black "Murx"]
[Result "0-1"]
[ECO "B90"]
[WhiteElo "2420"]
[BlackElo "2508"]
[WhiteEngine "Houdini 6"]
[BlackEngine "BrainFish_180113_x64_modern"]
[EventType "Swiss"]
[WhiteTeam ""]
[BlackTeam ""]
[PlyCount "180"]
[TimeControl "720+1"]

1. e4 c5 2. Nf3 d6 3. d4 cxd4 4. Nxd4 Nf6 5. Nc3 a6 6. Be3 e5 7. Nb3 Be6 
8. f3 h5 9. Qd2 Nbd7 10. Nd5 Bxd5 11. exd5 g6 12. Be2 Bg7 13. Na5 Rb8 14. O-O e4 
15. f4 Ng4 16. Bxg4 hxg4 17. Rab1 f5 18. b4 Qh4 19. g3 Qh7 20. Rb3 g5 
21. Nc4 Ke7 22. fxg5 Rbc8 23. Na5 Ne5 24. Bf4 Nf3+ 25. Rfxf3 gxf3 26. h4 Rhd8 
27. Nxb7 Rd7 28. Na5 Kf8 29. Nc6 Qh5 30. Kf2 Kg8 31. Ke3 Re8 32. Qf2 Be5 
33. c4 Qh8 34. Qe1 Bxf4+ 35. gxf4 Rh7 36. Qc3 Qxc3+ 37. Rxc3 Rxh4 38. c5 dxc5 
39. bxc5 Rh1 40. Rc2 Rd1 41. Ne5 Rxd5 42. a4 Rd1 43. c6 Kg7 44. c7 Rc8 
45. Kf2 Rb1 46. Rc6 Rb2+ 47. Kg1 Rg2+ 48. Kf1 e3 49. Nxf3 Rf2+ 50. Ke1 Rxf3 
51. Ke2 Rxf4 52. Kxe3 Rxa4 53. Ke2 Rxc7 54. Rxc7+ Kg6 55. Ke3 Kxg5 56. Rg7+ Kh6 
57. Re7 Kg6 58. Re8 a5 59. Rg8+ Kh5 60. Rh8+ Kg5 61. Rg8+ Kf6 62. Rf8+ Kg6 
63. Rg8+ Kf7 64. Rh8 f4+ 65. Kf3 Rc4 66. Ke2 a4 67. Kd3 Rb4 68. Rh6 Ke7 
69. Ra6 f3 70. Ke3 Rb3+ 71. Kf2 a3 72. Kg1 Kd7 73. Kf2 Kc7 74. Ra8 Kb7 
75. Ra5 Kb6 76. Ra8 Kc5 77. Rc8+ Kb4 78. Rb8+ Kc3 79. Rc8+ Kb2 80. Rd8 a2 
81. Rd2+ Kb1 82. Rd1+ Kc2 83. Ra1 Kb2 84. Rd1 a1=Q 85. Rd2+ Kc1 86. Rd6 Qe5 
87. Rc6+ Kd2 88. Rc2+ Kxc2 89. Kg1 Qe2 90. Kh1 Qg2# 0-1

[Event "Sunday 21 January Rapid Engine Tour 12+1 Rounds 9 Starts 1600 ST"]
[Site "Infinity Chess"]
[Date "2018.1.21"]
[Round "4"]
[White "Eman"]
[Black "KhalidOmar"]
[Result "1/2-1/2"]
[ECO "D31"]
[WhiteElo "2467"]
[BlackElo "2471"]
[WhiteEngine "Eman 1.65 64-bit POPCNT"]
[BlackEngine "Eman 1.65 64-bit BMI2"]
[EventType "Swiss"]
[WhiteTeam ""]
[BlackTeam ""]
[PlyCount "128"]
[TimeControl "720+1"]

1. d4 d5 2. c4 e6 3. Nc3 c6 4. e3 Nf6 5. Qc2 Nbd7 6. Nf3 Bd6 7. Bd3 O-O 
8. O-O dxc4 9. Bxc4 a6 10. Rd1 b5 11. Bd3 Bb7 12. Ng5 h6 13. Nge4 Bc7 14. a3 Qe7 
15. b4 a5 16. Bd2 e5 17. Rac1 exd4 18. exd4 Ng4 19. Be2 Bxh2+ 20. Kh1 Bb8 
21. Bxg4 axb4 22. axb4 f5 23. Bh3 fxe4 24. Qxe4 Qxe4 25. Nxe4 Nf6 26. f3 Ra3 
27. Be6+ Kh8 28. Bf5 Nd5 29. Bd7 Rd8 30. Bxc6 Bxc6 31. Rxc6 Rd3 32. Rcc1 Ba7 
33. Bc3 Rxd1+ 34. Rxd1 Bb6 35. Be1 Ne3 36. Rd2 Nc4 37. Rd1 Rxd4 38. Rxd4 Bxd4 
39. g4 g5 40. Kg2 Ne3+ 41. Kh3 Nc2 42. Bg3 Nxb4 43. Nd6 Kg8 44. Nxb5 Bg7 
45. Nd6 Nd3 46. Kg2 Kh7 47. Ne8 Bf8 48. Bc7 Kg8 49. Bd6 Bxd6 50. Nxd6 Kf8 
51. Nf5 h5 52. gxh5 Nf4+ 53. Kf2 Kf7 54. Ng3 Kf6 55. Ke1 Kg7 56. Kd1 Kf6 
57. Kc2 Nd5 58. Ne2 Kg7 59. Kd2 Nf6 60. Ng3 g4 61. Ke2 gxf3+ 62. Kxf3 Kh6 
63. Ke3 Ng4+ 64. Ke2 Kg5 1/2-1/2